 Dungeon Crawl Stone Soup version 0.18.1-6-gd335043 (webtiles) character file.

297 HungrySpirit the Insei (level 6, -5/42 HPs)
             Began as an Octopode Skald on May 18, 2016.
             Was a Believer of Pakellas.
             Killed by nerve-wracking pain
             ... invoked by an orc priest
              (7 damage)
             ... on level 3 of the Dungeon.
             The game lasted 00:08:58 (4565 turns).

HungrySpirit the Insei (Octopode Skald)             Turns: 4565, Time: 00:08:59

Health: -5/42      AC:  1    Str: 11    XL:     6   Next: 35%
Magic:  9/9        EV: 13    Int: 14    God:    Pakellas [**....]
Gold:   202        SH:  0    Dex: 14    Spells: 1 memorised, 8 levels left

rFire  . . .     SeeInvis .       - Unarmed
rCold  . . .     Gourm    .     (no shield)
rNeg   . . .     Faith    .     (helmet restricted)
rPois  .         Spirit   .     n - amulet of rage
rElec  .         Dismiss  .     (no ring)
rCorr  .         Reflect  .     (no ring)
SustAt .         Harm     .     (no ring)
MR     .....                    (no ring)
Stlth  ++........               (no ring)
                                (no ring)
                                (no ring)
                                (no ring)

@: not resistant to hostile enchantments, unstealthy
A: almost no armour, amphibious, 8 rings, constrict 8, camouflage 1, gelatinous
body 1
a: Quick Charge, Renounce Religion, Evoke Berserk Rage


You were on level 3 of the Dungeon.
You worshipped Pakellas.
Pakellas was pleased with you.
You were not hungry.

You visited 1 branch of the dungeon, and saw 4 of its levels.

You collected 202 gold pieces.

Inventory:

Armour
 v - a +0 buckler
Jewellery
 n - an amulet of rage (around mantle)
Wands
 u - a wand of random effects (24/48)
Scrolls
 c - a scroll of enchant armour {unknown}
 e - a scroll of random uselessness {unknown}
 g - 2 scrolls of remove curse {unknown}
 j - a scroll of noise {unknown}
 k - 3 scrolls of fear {unknown}
 p - 2 scrolls of teleportation {unknown}
 q - a scroll of recharging {unknown}
 s - 2 scrolls of identify
 x - a scroll of immolation {unknown}
Potions
 d - a potion of heal wounds
 h - 2 potions of curing {unknown}
 i - a potion of brilliance
 l - a potion of cancellation {unknown}
 m - 2 potions of lignification {unknown}
 r - a potion of might {unknown}
 t - 2 potions of resistance {unknown}
Books
 a - a book of Battle

   Spells                             Type                      Level
   a - Infusion                       Charms                       1
   b - Shroud of Golubria             Charms/Translocation         2
   c - Song of Slaying                Charms                       2
   d - Spectral Weapon                Hexes/Charms                 3
   e - Regeneration                   Charms/Necromancy            3
Miscellaneous
 y - a phantom mirror
Comestibles
 b - 2 bread rations
 f - 3 beef jerkies
 o - 2 meat rations
 w - a slice of pizza
 z - a chunk of flesh


   Skills:
 + Level 3.1 Fighting
 + Level 3.5 Dodging
 + Level 4.1 Unarmed Combat
 - Level 2.0 Spellcasting
 - Level 3.0 Charms
 * Level 2.7 Evocations


You had 8 spell levels left.
You knew the following spells:

 Your Spells              Type           Power        Failure   Level  Hunger
a - Infusion              Chrm           #...         10%         1    ##.....


Dungeon Overview and Level Annotations

Branches:
Dungeon (4/15)
 Temple: D:4-7

Altars:
Dithmenos
Kikubaaqudgha
Makhleb
Pakellas
Vehumet
Zin

Annotations:
D:3 Britaniac's ghost, amateur GrFi
D:4 Pikel


Innate Abilities, Weirdness & Mutations

You cannot wear most types of armour.
You are amphibious.
You can wear up to eight rings at the same time.
You can use your tentacles to constrict eight enemies at once.
Your skin changes colour to match your surroundings (Stealth).
Your rubbery body absorbs attacks (AC +1).


Message History

* * * LOW HITPOINT WARNING * * *
Unknown command.
You bludgeon the orc priest!
You squeeze the orc priest, but do no damage.
The orc priest is severely wounded.
You constrict the orc priest. The orc hits you with a dagger.
* * * LOW HITPOINT WARNING * * *
Unknown command.
You tentacle-slap the orc priest but do no damage.
The orc priest is severely wounded.
You constrict the orc priest. The orc priest closely misses you.
The orc misses you.
Unknown command.
You completely miss the orc priest.
The orc priest is severely wounded.
You constrict the orc priest.
The orc priest invokes the aid of Beogh against you.
Pain shoots through your body!
You die...
Pakellas says: Time to start the next experiment...

#.# #.#.... #############.#
#.##.##
#..........##.###########.#...#
#..........##.#................
###..........##'#'#########.###..
......................... #...<#.
†.....(...............)## #..###.
........####...........# #######
........# #....@o.....# ###..
##.....## #.....o.....# #A#_.
#.....# #...........# ###..
#.....# #...........# ######
##...))### ####'#'####.#####.###.
.'....('.# #.#... ..........#.
##.....#.# #.#### .#..##.##..
.'....>#.# #.. #.##.. ##.....#.#
###############.##..


You could see an orc priest and an orc.

Vanquished Creatures
  2 orc priests (D:3)
  An orc wizard (D:3)
  A hound skeleton (D:3)
  5 adders
  An ooze (D:2)
  4 worms (D:3)
  3 dart slugs
  3 giant geckos
  7 orcs (D:3)
  A ball python (D:3)
  9 giant cockroaches
  13 goblins
  16 hobgoblins
  6 jackals
  2 quokkas
  13 bats
  3 giant newts
  18 kobolds
  9 rats
117 creatures vanquished.

Notes
Turn   | Place    | Note
--------------------------------------------------------------
     0 | D:1      | HungrySpirit the Octopode Skald began the quest for the Orb.
     0 | D:1      | Reached XP level 1. HP: 14/14 MP: 3/3
   345 | D:1      | Reached XP level 2. HP: 15/19 MP: 5/5
   905 | D:1      | Reached XP level 3. HP: 12/24 MP: 6/6
  1420 | D:1      | Reached skill level 3 in Unarmed Combat
  1804 | D:2      | Found a shadowy altar of Dithmenos.
  1922 | D:2      | Reached XP level 4. HP: 26/30 MP: 7/7
  1941 | D:2      | Found an oddly glowing altar of Pakellas.
  2137 | D:2      | Became a worshipper of Pakellas the Inventive
  2252 | D:2      | Found a radiant altar of Vehumet.
  2252 | D:2      | Found an ancient bone altar of Kikubaaqudgha.
  2537 | D:3      | Found a burning altar of Makhleb.
  2672 | D:3      | Found a glowing silver altar of Zin.
  2672 | D:3      | Noticed an angel
  2673 | D:3      | Noticed a blizzard demon
  2839 | D:3      | Noticed Britaniac's ghost (amateur GrFi)
  3118 | D:3      | Reached skill level 1 in Evocations
  3118 | D:3      | Reached XP level 5. HP: 31/35 MP: 8/8
  3192 | D:3      | Reached * piety under Pakellas
  3192 | D:3      | Received a gift from Pakellas
  3526 | D:3      | HP: 1/36 [adder (3)]
  3816 | D:3      | Reached skill level 4 in Unarmed Combat
  3875 | D:3      | Reached ** piety under Pakellas
  3875 | D:3      | Received a gift from Pakellas
  3875 | D:3      | Reached XP level 6. HP: 40/42 MP: 9/9
  4376 | D:4      | Noticed a slave
  4376 | D:4      | Noticed a slave
  4376 | D:4      | Noticed a slave
  4381 | D:4      | Noticed Pikel
  4563 | D:3      | HP: 2/42 [orc/dagger (5)]
  4565 | D:3      | Killed from afar by an orc priest

Skill      XL: |  1  2  3  4  5 |
---------------+----------------+-----
Dodging        | 2 3 |  3.5
Unarmed Combat | 3 4 |  4.1
Evocations     | 1 2 |  2.7
Fighting       | 3 |  3.1
Spellcasting   | |  2.0
Charms         | |  3.0

Action                   |  1- 3 |  4- 6 || total
-------------------------+-------+-------++-------
Melee: Unarmed           |   102 |   181 ||   283
       Constrict         |    25 |    47 ||    72
       Tentacles         |    11 |    43 ||    54
       Punch             |     1 |     4 ||     5
  Use: Potion            |       |     1 ||     1
       Scroll            |       |     1 ||     1
 Stab: Sleeping          |    11 |    10 ||    21
       Distracted        |       |     1 ||     1
  Eat: Chunk             |     3 |     9 ||    12
Armor: Skin              |     9 |    16 ||    25
Dodge: Dodged            |    43 |    92 ||   135
